 Dungeon Crawl Stone Soup version 0.21-a0-142-gdd972a7 (webtiles) character file.

116 Gorglomux the Skirmisher (level 5, -3/48 HPs)
             Began as a Hill Orc Wizard on July 23, 2017.
             Slain by a river rat (4 damage)
             ... in a sewer.
             The game lasted 00:06:16 (3431 turns).

Gorglomux the Skirmisher (Hill Orc Wizard)          Turns: 3431, Time: 00:06:16

Health: -3/48      AC:  2    Str: 11    XL:     5   Next: 0%
Magic:  1/8        EV: 17    Int: 18    God:
Gold:   158        SH:  0    Dex: 14    Spells: 3/8 levels left

rFire    . . .     SeeInvis +   p - +0 dagger
rCold    . . .     Gourm    .   (no shield)
rNeg     . . .     Faith    .   a - +0 robe
rPois    .         Spirit   .   b - +0 hat
rElec    .         Reflect  .   (no cloak)
rCorr    .         Harm     .   (no gloves)
MR       .....                  (no boots)
Stlth    +++.......             S - amulet of rage
HPRegen  0.16/turn              s - ring of see invisible
MPRegen  0.11/turn              (no ring)

@: agile
A: no striking features
a: Evoke Berserk Rage


You were in a sewer.
You were not hungry.

You visited 1 branch of the dungeon, and saw 3 of its levels.
You also visited: Sewer.

You collected 158 gold pieces.

Inventory:

Hand Weapons
 p - a +0 dagger (weapon)
Armour
 a - a +0 robe (worn)
 b - a +0 hat (worn)
Jewellery
 s - a ring of see invisible (left hand)
 S - an amulet of rage (around neck)
Scrolls
 k - 2 scrolls of identify {unknown}
 l - a scroll of blinking {unknown}
 n - 2 scrolls of magic mapping {unknown}
 o - a scroll of teleportation {unknown}
 U - a scroll of remove curse {unknown}
 W - a scroll of immolation {unknown}
Potions
 g - a potion of cancellation {unknown}
 Q - a potion of curing
 X - a potion of lignification {unknown}
Books
 c - a book of Minor Magic

   Spells                             Type                      Level
   a - Magic Dart                     Conjuration                  1
   b - Blink                          Translocation                2
   c - Call Imp                       Summoning                    2
   d - Slow                           Hexes                        2
   e - Conjure Flame                  Conjuration/Fire             3
   f - Mephitic Cloud                 Conjuration/Poison/Air       3
Comestibles
 d - 2 bread rations
 f - a royal jelly
 r - 3 fruits
 Y - 2 chunks of flesh


   Skills:
 + Level 5.3 Fighting
 - Level 1.5 Dodging
 - Level 1.5 Stealth
 - Level 2.4 Spellcasting
 - Level 1.0 Conjurations
 - Level 1.0 Summonings
 - Level 0.7 Translocations


You had 3 spell levels left.
You knew the following spells:

 Your Spells              Type           Power        Failure   Level  Hunger
a - Magic Dart            Conj           #...         12%         1    #......
b - Call Imp              Summ           #.......     17%         2    ##.....
d - Blink                 Tloc           N/A          21%         2    ##.....


Dungeon Overview and Level Annotations

Branches:
Dungeon (3/15)

Altars:


Message History

The river rat butts you!
The river rat twitches its whiskers!
The river rat completely misses you!
You stick the river rat but do no damage!
The butt rat butts moderately butt!
The river rat misses you! The river rat completely misses you!
You barely miss the river rat!
The river rat is moderately wounded!
The butt rat barely butts you!
The river rat bites you! * * * don't die
* * * You skewer the river rat but do no damage!
The river rat is moderately wounded!
The river rat bites you! * * * don't die
* * * The river rat bites you!!! * * * don't die
* * * You spit the river butt but do no damage!
The river rat is moderately wounded!
The river rat bites you! rip ############### ≈.....†rr@rr..# ###############

You could see 3 river rats and a rat.

Vanquished Creatures
  5 adders
  2 worms (D:2)
  3 dart slugs
  2 leopard geckos
  5 giant cockroaches
  7 goblins
  A hobgoblin (D:1)
  4 jackals
  6 kobolds
  A quokka (D:3)
  8 bats
  5 frilled lizards
  9 rats
58 creatures vanquished.

Vanquished Creatures (collateral kills)
  2 leopard geckos (D:3)
  A rat (Sewer)
3 creatures vanquished.

Grand Total: 61 creatures vanquished

Notes
Turn   | Place    | Note
-------+----------+-------------------------------------------
     0 | D:1      | Gorglomux the Hill Orc Wizard began the quest for the Orb.
     0 | D:1      | Reached XP level 1. HP: 14/14 MP: 3/3
    41 | D:1      | Reached skill level 1 in Fighting
   439 | D:1      | Reached XP level 2. HP: 22/24 MP: 3/5
   442 | D:1      | Reached skill level 2 in Fighting
  1259 | D:1      | Reached skill level 3 in Fighting
  1262 | D:1      | Reached XP level 3. HP: 31/31 MP: 1/6
  1793 | D:1      | Reached skill level 4 in Fighting
  2005 | D:1      | Learned a level 2 spell: Call Imp
  2008 | D:1      | Learned a level 2 spell: Blink
  2317 | D:2      | Reached XP level 4. HP: 34/40 MP: 5/7
  3084 | D:2      | Reached skill level 5 in Fighting
  3340 | D:3      | Found a glowing drain.
  3352 | D:3      | Reached XP level 5. HP: 40/48 MP: 2/8
  3407 | Sewer    | Entered a sewer
  3430 | Sewer    | HP: 1/48 [river rat (7)]
  3431 | Sewer    | Slain by a river rat

Vault maps used:
D:1:      scummos_arrival_checkerplants, kennysheep_doodads
D:3:      first_bread, portal_sewer_entry_f, nemelex_xobeh_ov_fountains_minmay,
          uniq_jessica, uniq_ijyb, uniq_natasha
Sewer:    sewer_kobolds

Skill      XL: |  1  2  3  4 |
---------------+-------------+-----
Fighting       | 1 3 4 5 |  5.3
Dodging        | |  1.5
Stealth        | |  1.5
Spellcasting   | |  2.4
Conjurations   | |  1.0
Summonings     | |  1.0
Translocations | |  0.7

Action                   |  1- 3 |  4- 6 || total
-------------------------+-------+-------++-------
Melee: Unarmed           |    43 |       ||    43
       Dagger            |    81 |    72 ||   153
 Cast: Magic Dart        |    74 |    42 ||   116
       Call Imp          |     3 |     6 ||     9
 Abil: Evoke Berserk Rag |       |     3 ||     3
  Use: Potion            |     3 |     1 ||     4
  Eat: Chunk             |     5 |     7 ||    12
Armor: Robe              |    40 |     6 ||    46
Dodge: Dodged            |   153 |    48 ||   201
